 Dungeon Crawl Stone Soup version 0.22.0-27-ga576289 (webtiles) character file.

3957 amentoraz the Basher (level 10, -4/77 HPs)
             Began as a Centaur Berserker on Aug 22, 2018.
             Was a Priest of Trog.
             Killed by divine providence
             ... invoked by an orc priest
              (9 damage)
             ... on level 9 of the Dungeon.
             The game lasted 00:35:12 (9252 turns).

amentoraz the Basher (Centaur Berserker)            Turns: 9252, Time: 00:35:12

Health: -4/77      AC: 13    Str: 23    XL:     10   Next: 2%
Magic:  10/10      EV:  4    Int:  6    God:    Trog [***...]
Gold:   297        SH:  0    Dex:  9    Spells: 9/9 levels left

rFire    . . .     SeeInvis .   a - +0 mace
rCold    + . .     Gourm    .   (no shield)
rNeg     . . .     Faith    .   d - +0 plate armour
rPois    .         Spirit   .   (no helmet)
rElec    .         Reflect  .   k - +2 cloak
rCorr    .         Harm     .   (no gloves)
MR       .....                  (no barding)
Stlth    ..........             (no amulet)
HPRegen  0.22/turn              g - +2 ring of protection
MPRegen  0.12/turn              i - ring of protection from cold

@: berserk cooldown, slowed
A: large, hooves 3, deformed body, speed 2, tough skin 3
a: Berserk, Trog's Hand, Renounce Religion


You were on level 9 of the Dungeon.
You worshipped Trog.
Trog was most pleased with you.
You were near starving.

You visited 1 branch of the dungeon, and saw 9 of its levels.

You collected 323 gold pieces.
You spent 26 gold pieces at shops.

Inventory:

Hand Weapons
 a - a +0 mace (weapon)
 u - a +0 blowgun
 B - a cursed -2 blowgun
 C - a +0 shortbow
Missiles
 v - 14 poisoned needles
 A - 18 arrows
Armour
 d - a +0 plate armour (worn)
 k - a +2 cloak (worn)
Jewellery
 g - a +2 ring of protection (left hand)
 i - a ring of protection from cold (right hand)
 s - an uncursed ring of see invisible {unknown}
Scrolls
 b - 4 scrolls of identify
 h - a scroll of vulnerability {unknown}
 l - 5 scrolls of remove curse
 m - 2 scrolls of blinking {unknown}
 n - 2 scrolls of amnesia
 q - 2 scrolls of fear {unknown}
 r - 2 scrolls of enchant armour {unknown}
 y - 2 scrolls of magic mapping {unknown}
Potions
 e - 2 potions of might
 j - 2 potions of curing
 p - a potion of brilliance {unknown}
 t - a potion of degeneration {unknown}
 w - 2 potions of agility {unknown}
 x - 2 potions of flight {unknown}
 z - a potion of magic {unknown}
Comestibles
 c - 16 rations
 D - 2 chunks of flesh


   Skills:
 - Level 3.1 Fighting
 + Level 11.0 Maces & Flails
 * Level 10.7 Bows
 - Level 1.4 Armour
 - Level 1.4 Dodging


You had 9 spell levels left.
You didn't know any spells.
Your spell library was empty.

Dungeon Overview and Level Annotations

Branches:
Dungeon (9/15)             Temple (0/1) D:7            Lair (0/6) D:9
    Orc: D:9-12

Altars:
Ashenzari
Nemelex Xobeh
Sif Muna
Xom

Shops:
D:5 *

Annotations:
D:4 Grinder
D:6 Sigmund


Innate Abilities, Weirdness & Mutations

You have hooves in place of feet.
Armour fits poorly on your strangely shaped body.
You cover ground very quickly.
You have extremely tough skin. (AC +3)


Message History

The orc hits you but does no damage.
Your skin stops crawling.
You feel less resistant to hostile enchantments.
The orc hits you but does no damage. x2
An orc comes into view. It is wielding a hand axe.
The orc shouts!
The orc hits you from afar with a trident.
* * * LOW HITPOINT WARNING * * *
The orc hits you but does no damage. The orc hits you but does no damage.
The orc hits you but does no damage. The orc barely misses you.
The ogre shouts!
You hear a shout!
The orc hits you but does no damage. The orc hits you with a hand axe.
* * * LOW HITPOINT WARNING * * *
An orc priest comes into view. It is wielding a club.
The orc priest shouts!
You hear a shout!
The orc hits you but does no damage.
The orc priest invokes the aid of Beogh against you.
Beogh smites you!
You die...

## #.# .#....# #.......##. #.#
.#....# # #.......##.#####.#
.#....#)# #.o.....#........#
......#.########.#'#'###.........
.........o ....................>
......#'## #.....#.###........#
.........# #...O.# # ##........
.........# #..@..#.# #####.###
.Oy###...# #.oo....# #...o...#
.#y# ..# #o..o###...$..##.#.#
.#F## .# #oo.......... #.#(# #.y#
# #oH..##..... #.#.# ###(###
#o...# ... #.#(# ......# #....#
.. #.#.# >........###+#....# #
#.#(# .........#........# #.#..


You could see a hippogriff, an ogre, an orc priest and 8 orcs.

Vanquished Creatures
  Harold (D:7)
  A hippogriff (D:8)
  6 yaks
  An orc warrior (D:8)
  A sky beast (D:7)
  A phantom (D:8)
  An ice beast (D:7)
  3 ogres
  A centaur (D:5)
  5 bullfrogs
  Blork the orc (D:4)
  5 killer bees
  3 howler monkeys (D:8)
  2 crimson imps (D:8)
  A bullfrog zombie (D:5)
  2 hounds
  A quasit (D:8)
  2 orc wizards
  Natasha (twice) (D:2 D:4)
  6 worker ants
  A hound zombie (D:7)
  A hound skeleton (D:9)
  A howler monkey zombie (D:5)
  8 gnolls
  13 adders
  2 adder skeletons
  3 worms
  4 leopard geckos
  15 orcs
  5 giant cockroaches
  8 goblins
  7 hobgoblins
  9 jackals
  15 kobolds
  A quokka (D:9)
  5 bats
  3 frilled lizards
  A quokka skeleton (D:8)
  10 rats
158 creatures vanquished.

Notes
Turn   | Place    | Note
-------+----------+-------------------------------------------
     0 | D:1      | amentoraz the Centaur Berserker began the quest for the Orb.
     0 | D:1      | Reached XP level 1. HP: 19/19 MP: 1/1
   166 | D:1      | Reached skill level 3 in Maces & Flails
   312 | D:1      | Reached XP level 2. HP: 22/26 MP: 2/2
   680 | D:1      | You fall through a shaft!
   760 | D:2      | Reached XP level 3. HP: 29/31 MP: 3/3
   766 | D:2      | Found a shattered altar of Ashenzari.
   854 | D:2      | Reached skill level 4 in Maces & Flails
  1397 | D:2      | Reached ** piety under Trog
  1523 | D:2      | Found a sparkling altar of Nemelex Xobeh.
  1555 | D:2      | Reached XP level 4. HP: 38/38 MP: 4/4
  2150 | D:2      | Noticed Natasha
  2157 | D:2      | Killed Natasha
  2502 | D:3      | Reached skill level 5 in Maces & Flails
  2618 | D:2      | Reached XP level 5. HP: 45/45 MP: 5/5
  2976 | D:3      | Reached *** piety under Trog
  3190 | D:4      | Noticed Blork the orc
  3195 | D:4      | Killed Blork the orc
  3195 | D:4      | Reached skill level 6 in Maces & Flails
  3195 | D:4      | Reached XP level 6. HP: 51/51 MP: 6/6
  3358 | D:4      | Noticed Grinder
  3361 | D:4      | Paralysed by Grinder for 6 turns
  3472 | D:4      | Noticed Natasha
  3485 | D:4      | Killed Natasha
  3641 | D:4      | Found a shimmering altar of Xom.
  4003 | D:5      | Entered Level 5 of the Dungeon
  4209 | D:5      | Reached skill level 7 in Maces & Flails
  4660 | D:4      | Reached XP level 7. HP: 57/57 MP: 7/7
  5183 | D:5      | Found a deep blue altar of Sif Muna.
  5360 | D:5      | Reached skill level 8 in Maces & Flails
  5475 | D:5      | Found Pofid's General Store.
  5479 | D:5      | Bought a scroll of identify for 26 gold pieces
  5563 | D:6      | Noticed Sigmund
  6035 | D:7      | Reached XP level 8. HP: 52/63 MP: 8/8
  6098 | D:7      | Found a staircase to the Ecumenical Temple.
  6104 | D:7      | Noticed Harold
  6157 | D:7      | Killed Harold
  6157 | D:7      | Reached skill level 10 in Maces & Flails
  6498 | D:7      | Reached skill level 5 in Bows
  6912 | D:8      | Reached XP level 9. HP: 67/69 MP: 9/9
  7900 | D:8      | Received a gift from Trog
  8662 | D:8      | Reached skill level 10 in Bows
  8871 | D:9      | Reached skill level 11 in Maces & Flails
  8896 | D:9      | Found a staircase to the Lair.
  9039 | D:9      | Noticed a two-headed ogre
  9045 | D:9      | Noticed a two-headed ogre
  9126 | D:9      | Reached XP level 10. HP: 56/77 MP: 10/10
  9252 | D:9      | Killed from afar by an orc priest

Skill      XL: |  1  2  3  4  5  6  7  8  9 |
---------------+----------------------------+-----
Maces & Flails | 3 4 5 6 7 8 10 11 | 11.0
Bows           | 5 10 | 10.7
Fighting       | |  3.1
Armour         | |  1.4
Dodging        | |  1.4

Action                   |  1- 3 |  4- 6 |  7- 9 | 10-12 || total
-------------------------+-------+-------+-------+-------++-------
Melee: Mace              |    90 |   197 |   244 |    29 ||   560
       Kick              |    15 |    40 |    64 |     2 ||   121
 Fire: Shortbow          |       |       |   130 |       ||   130
Invok: Berserk           |       |     5 |     5 |     1 ||    11
       Trog's Hand       |       |     1 |     2 |     1 ||     4
  Use: Scroll            |       |       |     7 |     1 ||     8
       Potion            |       |       |       |     2 ||     2
  Eat: Chunk             |     1 |    12 |    18 |       ||    31
Armor: Ring mail         |    30 |    84 |       |       ||   114
       Plate armour      |       |     2 |   168 |    65 ||   235
Dodge: Dodged            |    34 |    87 |    60 |    22 ||   203
